 Dungeon Crawl Stone Soup version 0.32-a0-630-g46d191b0ed (webtiles) character file.

Game seed: 15910186652798933308

193 zenocrate the Digger (level 5, -2/45 (51) HPs)
             Began as an Octopode Earth Elementalist on Mar 6, 2024.
             Slain by an orc warrior
             ... wielding a +0 dire flail
              (12 damage)
             ... on level 4 of the Dungeon.
             The game lasted 00:03:47 (2604 turns).

zenocrate the Digger (Octopode Earth Elementalist)  Turns: 2604, Time: 00:03:47

HP:   -2/45 (51)    AC: 22    Str:  7    XL:     5   Next: 72%
MP:   7/9           EV:  2    Int: 20    God:
Gold: 59            SH:  0    Dex: 12    Spells: 2/10 levels left

rFire   . . .        a - staff of cold
rCold   + . .        (no shield)
rNeg    . . .        q - melded +2 hat
rPois   +            (no amulet)
rElec   .            p - ring of flight
rCorr   .            (no ring)
SInv    .            (no ring)
Will    .....        (no ring)
Stlth   ++           (no ring)
HPRegen 0.27/turn    (no ring)
MPRegen 0.11/turn    (no ring)
                     (no ring)

%: no passive effects
@: tree-form, heavily drained
A: stationary, stasis, torment immunity, boosted hp, almost no armour,
(amphibious), 8 rings, (camouflage 1), (gelatinous body 1), (nimble swimmer 1),
(tentacles)
a: no special abilities


You were on level 4 of the Dungeon.
You were a tree.
You visited 1 branch of the dungeon, and saw 4 of its levels.

You collected 273 gold pieces.
You spent 214 gold pieces at shops.

Inventory:

Hand Weapons
 j - a +2 dagger of venom
Armour
 c - a +0 buckler
 q - a +2 hat (melded)
Magical Staves
 a - a staff of cold (weapon)
Jewellery
 i - a ring of fire
 p - a ring of flight (left branch)
Scrolls
 e - 2 scrolls of enchant armour
 f - a scroll of poison {unknown}
 k - 2 scrolls of teleportation
 l - a scroll of amnesia
 m - a scroll of vulnerability {unknown}
 n - 2 scrolls of torment {unknown}
 r - a scroll of noise {unknown}
 s - a scroll of blinking {unknown}
Potions
 h - a potion of heal wounds {unknown}
 o - a potion of mutation {unknown}


   Skills:
 + Level 1.7 Fighting
 + Level 2.8 Dodging
 - Level 2.6 Stealth
 + Level 3.0 Spellcasting
 + Level 2.5 Conjurations
 + Level 3.8 Earth Magic
 + Level 1.1 Evocations


You had 2 spell levels left.
You knew the following spells:

 Your Spells              Type           Power      Damage    Failure   Level
a - Sandblast             Erth           36%        2d10      3%          1
b - Stone Arrow           Conj/Erth      30%        3d8       12%         3
m - Apportation           Tloc           6%         N/A       14%         1
y - Swiftness             Air            3%         N/A       38%         3

Your spell library contained the following spells:

 Spells                   Type           Power      Damage    Failure   Level
 Sting                    Conj/Alch      32%        1d5       9%          1
 Momentum Strike          Conj/Tloc      16%        3d8       13%         2
 Necrotise                Necr           12%        1d4       14%         1
 Summon Small Mammal      Summ           12%        N/A       14%         1
 Blink                    Tloc           6%         N/A       22%         2
 Ensorcelled Hibernation  Hex/Ice        8%         N/A       22%         2
 Lesser Beckoning         Tloc           6%         N/A       22%         2
 Passwall                 Erth           18%        N/A       9%          3
 Brom's Barrelling Bould  Conj/Erth      15%        2d4       36%         4
 Petrify                  Alch/Erth      10%        N/A       54%         4


Dungeon Overview and Level Annotations

Branches:
Dungeon (4/15)
 Temple: D:4-7

Altars:

Shops:
D:3 ?

Annotations:
D:3 1 runed translucent door, cforsyth's ghost, amateur MDNe


Innate Abilities, Weirdness & Mutations

You are a tree.
Your roots penetrate the ground, keeping you stationary.
You cannot be teleported.
You are immune to unholy pain and torment.
Your maximum health is greatly increased.
You cannot wear most types of armour.
((You are amphibious.))
You can wear up to eight rings at the same time.
((Your skin changes colour to match your surroundings (Stealth+).))
((Your rubbery body absorbs attacks. (AC +1, EV +1)))
((You are camouflaged when in or above water. (Stealth+)))
((You have tentacles for arms and can constrict up to eight enemies at once.))


Message History

The orc warrior hits you but does no damage.
Unknown command.
You closely miss the orc warrior.
The orc warrior is heavily wounded.
The orc warrior hits you but does no damage.
Unknown command.
It was a potion of enlightenment.
Your roots keep you in place.
The orc warrior hits you but does no damage.
Unknown command.
Magic courses through your body.
The orc warrior hits you but does no damage.
Unknown command.
Casting: Sandblast (safe; 3% risk of failure)
Confirm with . or Enter, or press ? or * to list all spells.
Aiming: Sandblast (safe; 3% risk of failure)
Press: ? - help, Shift-Dir - straight line, f/p - orc warrior
Aim: an orc warrior, wielding a +0 dire flail and wearing a +0 plate armour (heavily wounded, 82% to hit)
The blast of sand hits the orc warrior but does no damage.
The orc warrior is heavily wounded.
Your enlightenment fades.
The orc warrior hits you but does no damage. x2
Casting: Sandblast (safe; 3% risk of failure)
Confirm with . or Enter, or press ? or * to list all spells.
Aiming: Sandblast (safe; 3% risk of failure)
Press: ? - help, Shift-Dir - straight line, f/p - orc warrior
Aim: an orc warrior, wielding a +0 dire flail and wearing a +0 plate armour (heavily wounded, 82% to hit)
The blast of sand hits the orc warrior!
The orc warrior is severely wounded.
The orc warrior hits you but does no damage.
Casting: Sandblast (safe; 3% risk of failure)
Confirm with . or Enter, or press ? or * to list all spells.
Aiming: Sandblast (safe; 3% risk of failure)
Press: ? - help, Shift-Dir - straight line, f/p - orc warrior
Aim: an orc warrior, wielding a +0 dire flail and wearing a +0 plate armour (severely wounded, 82% to hit)
The blast of sand hits the orc warrior but does no damage.
The orc warrior is severely wounded.
The orc warrior hits you with a +0 dire flail.
* * * LOW HITPOINT WARNING * * *
The orc warrior hits you with a +0 dire flail!
You die...

#. ..f #. .. . ##.#o#
..###.... ........#
.###....## .........##
..###..##....))##
##.............)♣#
...............o.#
.................#
##......#.......##
.................#
.................#####
.#...............#.<.##
...#.#..###...........##
........# ##)..#.......#


You could see an orc warrior.

Vanquished Creatures
  A hound (D:4)
  An orc wizard (D:4)
  5 adders
  7 dart slugs
  A ribbon worm (D:2)
  2 orcs (D:4)
  6 ball pythons
  7 endoplasms
  5 giant cockroaches
  7 goblins
  3 hobgoblins
  5 quokkas
  4 bats (D:1)
  A frilled lizard (D:2)
  14 kobolds
  7 rats
76 creatures vanquished.

Notes
Turn   | Place    | Note
-------+----------+-------------------------------------------
     0 | D:1      | zenocrate the Octopode Earth Elementalist began the quest
                  | for the Orb.
     0 | D:1      | Reached XP level 1. HP: 11/11 MP: 3/3
   111 | D:1      | Reached XP level 2. HP: 17/17 MP: 0/5
   394 | D:1      | Reached XP level 3. HP: 5/21 MP: 0/6
   866 | D:1      | Learned a level 3 spell: Stone Arrow
   871 | D:2      | Reached XP level 4. HP: 27/27 MP: 3/7
   874 | D:2      | Reached skill level 1 in Fighting
   986 | D:2      | Learned a level 3 spell: Swiftness
  1406 | D:2      | Learned a level 1 spell: Apportation
  1901 | D:3      | Found a runed translucent door.
  2017 | D:3      | Found Wuim's Magic Scroll Emporium.
  2026 | D:3      | Reached XP level 5. HP: 33/33 MP: 5/9
  2079 | D:3      | Bought a scroll of identify for 22 gold pieces
  2079 | D:3      | Bought a scroll of enchant armour for 82 gold pieces
  2079 | D:3      | Bought a scroll of teleportation for 33 gold pieces
  2079 | D:3      | Bought a scroll of amnesia for 44 gold pieces
  2079 | D:3      | Bought a scroll of teleportation for 33 gold pieces
  2409 | D:3      | Noticed cforsyth's ghost (amateur MDNe)
  2582 | D:4      | Noticed an orc warrior
  2593 | D:4      | Reached skill level 1 in Evocations
  2604 | D:4      | Slain by an orc warrior

Illustrated notes

Levels and vault maps discovered:
D:1:      lemuel_arrival_broad_hall, layout_basic
D:2:      layout_basic, kennysheep_donut
D:3:      layout_rooms, serial_shops, shop, ebering_ghost_reflecting_pool,
          minmay_goblin_kobold_house
D:4:      layout_rooms, feat_on_display

Skill      XL: |  1  2  3  4  5 |
---------------+----------------+-----
Conjurations   | 2 |  2.5
Fighting       | 1 |  1.7
Spellcasting   | 3 |  3.0
Evocations     | 1 |  1.1
Dodging        | |  2.8
Stealth        | |  2.6
Earth Magic    | |  3.8

Action                     |  1- 3 |  4- 6 || total
---------------------------+-------+-------++-------
  Melee: Unarmed           |    14 |       ||    14
         Tentacles         |     6 |     5 ||    11
         Constrict         |     8 |     3 ||    11
         Punch             |     1 |       ||     1
         Staff             |     6 |    15 ||    21
   Cast: Sandblast         |    26 |    61 ||    87
    Use: Potion            |       |     3 ||     3
         Scroll            |       |     2 ||     2
   Stab: Sleeping          |     3 |       ||     3
 Armour: Skin              |     7 |    34 ||    41
  Dodge: Dodged            |    12 |    11 ||    23

Table legend: (Time is in decaauts)
 A = Elapsed time spent in this place.
 B = Non-inter-level travel time spent in this place.
 C = Inter-level travel time spent in this place.
 D = Time resting spent in this place.
 E = Time spent auto-exploring this place.
 F = Levels seen in this place.
 G = Mean time per level.
                   A        B        C        D        E       F      G
               +--------+--------+--------+--------+--------+-----+--------+
         Total |   2649 |   2608 |     41 |      0 |   2152 |   4 |  662.2 |
       Dungeon |   2649 |   2608 |     41 |      0 |   2152 |   4 |  662.2 |
               +--------+--------+--------+--------+--------+-----+--------+

Top non-repeatable levels by time:
     D:2: 946 daAuts
     D:1: 879 daAuts
     D:3: 622 daAuts
     D:4: 201 daAuts
